 Dungeon Crawl Stone Soup version 0.31-a0-208-gdb31a4691d (console) character file.

Game seed: 16525816597480094299

3005 petzl the Thaumaturge (level 10, -8/70 HPs)
             Began as a Formicid Delver on June 29, 2023.
             Was a Follower of Vehumet.
             Mangled by Menkaure (19 damage)
             ... on level 6 of the Dungeon.
             The game lasted 00:28:39 (7483 turns).

petzl the Thaumaturge (Formicid Delver)             Turns: 7483, Time: 00:28:40

Health: -8/70      AC:  6    Str: 15    XL:     10   Next: 9%
Magic:  26/26      EV: 12    Int: 16    God:    Vehumet [*.....]
Gold:   379        SH:  0    Dex: 21    Spells: 33/33 levels left

rFire   . . .        b - +11 short sword {venom, rElec Str-3 Int+3 Stlth+}
rCold   . . .        (no shield)
rNeg    . . .        h - +0 leather armour
rPois   .            (helmet unavailable)
rElec   +            (no cloak)
rCorr   +            i - +2 pair of gloves "Nyinoema" {Will+ rCorr Stlth+}
SInv    +            (no boots)
Will    ++...        (no amulet)
Stlth   +++++        k - +6 ring of dexterity
HPRegen 0.31/turn    (no ring)
MPRegen 0.20/turn

%: no passive effects
@: no status effects
A: permanent stasis, dig shafts and tunnels, antennae 3, four strong arms
a: Dig, Shaft Self, Renounce Religion


You were on level 6 of the Dungeon.
You worshipped Vehumet.
Vehumet was aware of your devotion.
You visited 2 branches of the dungeon, and saw 8 of its levels.
You also visited: Ossuary.

You collected 379 gold pieces.

Inventory:

Hand Weapons
 a - a +0 orcbow
 b - the +11 short sword of Responsibility (weapon) {venom, rElec Str-3 Int+3 Stlth+}
   (You found it on level 5 of the Dungeon)

   Str:       It affects your strength (-3).
   Int:       It affects your intelligence (+3).
   rElec:     It insulates you from electricity.
   Stlth:     It makes you more stealthy.
 c - a +3 flail of protection
 o - a +0 sling
 C - a +2 whip of freezing
 F - a +1 short sword of electrocution
Missiles
 n - 3 javelins
Armour
 h - a +0 leather armour (worn)
 i - the +2 pair of gloves "Nyinoema" (worn) {Will+ rCorr Stlth+}
   (You acquired it on level 5 of the Dungeon)

   rCorr:     It protects you from acid and corrosion.
   Will:      It increases your willpower.
   Stlth:     It makes you more stealthy.
 r - a +2 scale mail of poison resistance
Jewellery
 k - a +6 ring of dexterity (left hand)
Wands
 f - a wand of digging (3)
 m - a wand of mindburst (10)
 p - a wand of flame (12)
 q - a wand of polymorph (4)
Scrolls
 d - a scroll of revelation
 e - 2 scrolls of fear
 g - 3 scrolls of enchant armour {unknown}
 s - 4 scrolls of fog
 t - a scroll of butterflies
 v - 2 scrolls of poison {unknown}
 y - 3 scrolls of teleportation {unknown}
 z - a scroll of torment
 D - a scroll of enchant weapon
Potions
 j - 7 potions of curing {unknown}
 l - a potion of heal wounds {unknown}
 u - 2 potions of degeneration {unknown}
 w - a potion of lignification {unknown}
 x - 4 potions of enlightenment {unknown}
 A - a potion of attraction {unknown}
 B - a potion of ambrosia {unknown}
 E - a potion of mutation {unknown}


   Skills:
 - Level 3.4 Fighting
 - Level 2.1 Maces & Flails
 - Level 4.0 Ranged Weapons
 - Level 2.0 Dodging
 - Level 6.1 Stealth
 + Level 12.0 Spellcasting
 - Level 3.0 Evocations


You had 33 spell levels left.
You didn't know any spells.
Your spell library contained the following spells:

 Spells                   Type           Power      Damage    Failure   Level
 Foxfire                  Conj/Fire      36%        2x1d5     9%          1
 Cigotuvi's Dreadful Rot  Necr/Pois/Air  18%        N/A       14%         2
 Dispel Undead            Necr           9%         3d8       65%         4
 Ice Form                 Ice/Tmut       9%         N/A       65%         4
 Alistair's Intoxication  Tmut/Pois      6%         N/A       94%         5
 Death Channel            Necr           4%         N/A       100%        6
 Statue Form              Tmut/Erth      6%         N/A       100%        6


Dungeon Overview and Level Annotations

Branches:
Dungeon (7/15)             Temple (1/1) D:6         Ossuary (visited)

Altars:
Cheibriados
Dithmenos
Elyvilon
Fedhas
Gozag
Makhleb
Nemelex Xobeh
Okawaru
Qazlal
Ru
Trog
Vehumet
Wu Jian
Yredelemnul
Zin
The Shining One

Annotations:
D:6 Menkaure


Innate Abilities, Weirdness & Mutations

You cannot be hasted, slowed, berserked, paralysed or teleported.
You can dig through walls and to a lower floor.
You have a pair of large antennae on your head. (SInv)
Your four strong arms can wield two-handed weapons with a shield.


Message History

The iguana hisses angrily.
The iguana is lightly wounded.
No target in view!
No target in view!
No target in view!
You shoot an arrow. The arrow hits the iguana!
The iguana is heavily wounded.
You shoot an arrow. The arrow hits the iguana.
The iguana is severely wounded.
You shoot an arrow. The arrow closely misses the iguana.
Menkaure shouts!
Menkaure mumbles some strange words.
Menkaure seems to speed up.
You shoot an arrow. The arrow hits the iguana.
The iguana is almost dead.
The iguana bites you!
You shoot an arrow.
The arrow hits the iguana but does no damage.
The iguana is almost dead.
The iguana misses you.
You shoot an arrow. The arrow barely misses the iguana.
Menkaure hums, "From dust you came, to dust you will return."
The iguana bites you. The iguana closely misses you.
You shoot an arrow. The arrow hits the iguana!
You kill the iguana!
Vehumet accepts your kill.
You shoot an arrow. The arrow hits Menkaure.
Menkaure is lightly damaged.
Menkaure closely misses you. Menkaure hits you!!
You feel weaker.
You feel clever.
The +11 short sword of Responsibility {venom, rElec Str-3 Int+3 Stlth+} begins to drip with poison!
b - the +11 short sword of Responsibility (weapon)
{venom, rElec Str-3 Int+3 Stlth+} Menkaure hits you!
Are you sure you want to shaft yourself?
Menkaure hits you!
* * * LOW HITPOINT WARNING * * *
You begin to dig a shaft.
You continue digging a shaft.
Menkaure hits you!!
You die...

'#...................'...............
............#####....#######'####'###
.......######...#..........#..#......
.......#........#..........#..#......
.......'^.......#..........#..'......
.......########'#..........####......
######............#####'#...{........
.# #............#.....#....M.......
.# #............#.....#............
.# #..........).#.....'............
.# #............#.....#............
.# ##888##'######.....#............
## #8...8......##.##'##............
.# #8.>........#....[..............
.# #8...8....).#...................
.# ##888#'###.[#...................
.# #........###..................##
.# #........####†M........#......# .#
#........####@........###.....# .#
#####..<.# #........##.##....## .#
#....# #.......##...##..... .# #....#
#>.....##.....##.... .# #....#
#.....#####'#####... .# #....#
#................... .# #....#
#................... ## ######
####################


You could see Menkaure (fast).

Vanquished Creatures
  Pikel (D:6)
  Grinder (D:6)
  Edmund (D:5)
  2 ice beasts (D:5)
  Duvessa (D:6)
  A black bear (D:5)
  3 sky beasts
  An ogre (D:5)
  A centaur (D:6)
  A lemure (D:6)
  2 kobold brigands (D:6)
  A bullfrog (D:6)
  A wight (Ossuary)
  A killer bee (D:6)
  7 centaur zombies (Ossuary)
  2 bullfrog zombies (Ossuary)
  3 hounds
  3 iron imps (D:3)
  2 jellies (D:6)
  2 sleepcaps
  4 iguanas
  2 scorpion zombies (Ossuary)
  Natasha (thrice) (D:4)
  2 orc wizards
  2 ogre zombies (Ossuary)
  A mummy (D:6)
  5 adders
  2 white imps (D:5)
  2 ufetubi
  3 worms
  A dart slug (D:2)
  4 orcs
  7 bats
  4 endoplasms
  5 giant cockroaches
  10 hobgoblins
  14 jackals
  4 quokkas
  8 ball pythons
  6 frilled lizards
  6 goblins
  9 hobgoblin zombies (Ossuary)
  18 kobolds
  3 orc zombies (Ossuary)
  7 rats
169 creatures vanquished.

Vanquished Creatures (others)
  A jelly (D:5)
1 creature vanquished.

Grand Total: 170 creatures vanquished

Notes
Turn   | Place    | Note
-------+----------+-------------------------------------------
     0 | D:5      | petzl the Formicid Delver began the quest for the Orb.
     0 | D:5      | Reached XP level 1. HP: 18/18 MP: 1/1
    65 | D:4      | Noticed an iguana
   176 | D:4      | Noticed a hound
   215 | D:3      | Reached XP level 2. HP: 24/24 MP: 2/2
   298 | D:3      | Reached skill level 1 in Spellcasting
   356 | D:3      | Found a snail-covered altar of Cheibriados.
   491 | D:2      | Reached XP level 3. HP: 22/29 MP: 5/5
   707 | D:1      | Reached skill level 2 in Spellcasting
   846 | D:1      | Found a faded altar of an unknown god.
  1482 | D:2      | Reached XP level 4. HP: 28/35 MP: 7/7
  1584 | D:2      | Reached skill level 1 in Ranged Weapons
  2239 | D:2      | Reached skill level 3 in Spellcasting
  2302 | D:2      | Reached XP level 5. HP: 37/41 MP: 9/9
  2484 | D:3      | Found an ornate altar of the Wu Jian Council.
  2608 | D:3      | Found a faded altar of an unknown god.
  2648 | D:3      | Found a sparkling altar of Nemelex Xobeh.
  2776 | D:3      | Found a burning altar of Makhleb.
  2804 | D:3      | Reached XP level 6. HP: 33/47 MP: 11/11
  3153 | D:4      | Reached skill level 4 in Spellcasting
  3188 | D:4      | Found a sacrificial altar of Ru.
  3215 | D:4      | Noticed Natasha
  3233 | D:4      | Killed Natasha
  3370 | D:4      | Noticed Natasha
  3377 | D:4      | Killed Natasha
  3386 | D:4      | Noticed Natasha
  3395 | D:4      | Killed Natasha
  3705 | D:5      | Noticed Edmund
  3730 | D:5      | Killed Edmund
  3731 | D:5      | Reached skill level 5 in Spellcasting
  3731 | D:5      | Reached XP level 7. HP: 9/52 MP: 12/14
  3975 | D:5      | You fall into a shaft and drop 1 floor!
  4155 | D:6      | Noticed Menkaure
  4182 | D:6      | Found a sand-covered staircase.
  4195 | Ossuary  | Entered an ossuary
  4371 | Ossuary  | Reached skill level 6 in Spellcasting
  4487 | Ossuary  | Reached XP level 8. HP: 54/58 MP: 17/17
  4552 | Ossuary  | Reached skill level 7 in Spellcasting
  4663 | Ossuary  | Noticed a silent spectre
  4783 | D:7      | Noticed Pikel
  4903 | D:6      | Killed Pikel
  4904 | D:6      | Reached skill level 9 in Spellcasting
  4904 | D:6      | Reached XP level 9. HP: 16/64 MP: 19/22
  5182 | D:6      | Found a staircase to the Ecumenical Temple.
  5194 | Temple   | Entered the Ecumenical Temple
  5278 | Temple   | Became a worshipper of Vehumet
  5478 | D:5      | Found a stormy altar of Qazlal.
  5538 | D:5      | Identified the +11 short sword of Responsibility {venom,
                  | rElec Str-3 Int+3 Stlth+}
  5558 | D:5      | Reached skill level 10 in Spellcasting
  5697 | D:5      | Identified a scroll of acquirement
  5702 | D:5      | Acquired the +2 pair of gloves "Nyinoema" {Will+ rCorr
                  | Stlth+}
  5884 | D:5      | Found an opulent altar of Gozag.
  6201 | D:6      | Noticed Grinder
  6226 | D:7      | Reached skill level 1 in Evocations
  6418 | D:6      | Reached skill level 11 in Spellcasting
  6423 | D:6      | Reached * piety under Vehumet
  6423 | D:6      | Offered knowledge of Foxfire by Vehumet.
  6854 | D:6      | Noticed Duvessa
  6867 | D:6      | Killed Duvessa
  6871 | D:6      | Noticed Dowan
  6874 | D:6      | Dowan changed into Dowan the killer bee
  6874 | D:6      | Noticed Dowan
  6880 | D:6      | Killed Dowan the killer bee
  6881 | D:6      | Reached XP level 10. HP: 33/70 MP: 25/25
  7081 | D:6      | Killed Grinder
  7082 | D:6      | Reached skill level 12 in Spellcasting
  7192 | D:6      | Got Sif Muna's Tome of Terra Firma and Transmutation
  7483 | D:6      | Mangled by Menkaure

Illustrated notes

Levels and vault maps discovered:
D:1:      lightli_arrival_statuegarden, layout_basic,
          shapermc_ecumenical_altar_starsandcircs
D:2:      layout_loops_ring
D:3:      layout_basic, demons_altar, amcnicky_altar_gilded,
          nicolae_overflow_ecumenical_swirl, pdpol_wu_jian_five_deadly_venoms
D:4:      layout_basic, nicolae_ru_great_annihilating_truth, uniq_natasha
D:5:      lemuel_ice_spiral_2, layout_basic, nicolae_qazlal_scattered_showers,
          kennysheep_mini_moat, serial_bayou_pond_c, uniq_edmund
D:6:      layout_gridville, minmay_temple_entry_statues,
          gup_ossuary_entry_pyramid, uniq_grinder, uniq_menkaure, uniq_duvessa
D:7:      layout_gridville, kennysheep_vampire_church, serial_shops,
          nicolae_shop_window_shopping, serial_park_tiny_1, uniq_pikel,
          uniq_joseph
Temple:   nicolae_temple_cloud_nine

Skill      XL: |  1  2  3  4  5  6  7  8  9 10 |
---------------+-------------------------------+-----
Dodging        | 2 |  2.0
Spellcasting   | 1 2 3 5 6 9 11 12 | 12.0
Ranged Weapons | 1 2 4 |  4.0
Evocations     | 3 |  3.0
Fighting       | |  3.4
Maces & Flails | |  2.1
Stealth        | |  6.1

Action                     |  1- 3 |  4- 6 |  7- 9 | 10-12 || total
---------------------------+-------+-------+-------+-------++-------
  Melee: Mace              |    73 |       |       |       ||    73
         Rapier            |    32 |    58 |       |       ||    90
         Short sword       |       |    44 |   105 |     4 ||   153
         Punch             |       |     2 |     4 |       ||     6
         Flail             |       |       |    73 |     2 ||    75
   Fire: Sling             |    37 |   103 |       |       ||   140
         Orcbow            |       |    46 |   143 |    14 ||   203
Ability: Shaft Self        |       |       |     1 |     1 ||     2
         Dig               |       |       |     2 |       ||     2
  Evoke: Wand              |       |       |     2 |       ||     2
    Use: Scroll            |       |       |     9 |       ||     9
   Stab: Sleeping          |     6 |       |     3 |       ||     9
 Armour: Leather armour    |    32 |    28 |    85 |     3 ||   148
         Skin              |       |     6 |       |       ||     6
  Dodge: Dodged            |    82 |    92 |   161 |     7 ||   342

Table legend: (Time is in decaauts)
 A = Elapsed time spent in this place.
 B = Non-inter-level travel time spent in this place.
 C = Inter-level travel time spent in this place.
 D = Time resting spent in this place.
 E = Time spent auto-exploring this place.
 F = Levels seen in this place.
 G = Mean time per level.
                   A        B        C        D        E       F      G
               +--------+--------+--------+--------+--------+-----+--------+
         Total |   7618 |   7415 |    203 |   1599 |   3151 |   9 |  846.4 |
       Dungeon |   6993 |   6803 |    190 |   1524 |   3094 |   7 |  999.0 |
        Temple |     91 |     78 |     13 |      0 |     37 |   1 |   91.0 |
       Ossuary |    532 |    532 |      0 |     75 |     20 |   1 |  532.0 |
               +--------+--------+--------+--------+--------+-----+--------+

Top non-repeatable levels by time:
     D:6: 1982 daAuts
     D:2: 1087 daAuts
     D:5: 1067 daAuts
     D:1: 997 daAuts
     D:3: 968 daAuts
     D:4: 703 daAuts
 Ossuary: 532 daAuts
     D:7: 188 daAuts
  Temple: 91 daAuts
